 Dungeon Crawl Stone Soup version 0.21-a0-2-ge494091 (webtiles) character file.

7179 wolfsongas the Basher (level 10, -7/80 HPs)
             Began as a Demonspawn Fighter on May 21, 2017.
             Was an Elder of Kikubaaqudgha.
             Killed from afar by a wretched star (24 damage)
             ... with an orb of energy
             ... on level 1 of the Abyss.
             The game lasted 00:26:23 (9616 turns).

wolfsongas the Basher (Demonspawn Fighter)          Turns: 9616, Time: 00:26:24

Health: -7/80      AC: 17    Str: 22      XL:     10   Next: 86%
Magic:  10/10      EV: 11    Int:  2 (7)  God:    Kikubaaqudgha [****..]
Gold:   687        SH: 13    Dex: 14      Spells: 9/9 levels left

rFire    . . .     SeeInvis .   c - +3 morningstar (protect)
rCold    + . .     Gourm    .   h - +2 shield
rNeg     . . .     Faith    .   j - +2 plate armour
rPois    .         Spirit   .   f - +0 helmet
rElec    .         Reflect  .   n - +0 cloak
rCorr    .         Harm     .   (no gloves)
MR       +....                  (no boots)
Stlth    ..........             (no amulet)
Regen    0.7/turn               e - ring of protection from cold
MPRegen  0.2/turn               y - ring of Balaotsij {Wiz Str+2 Stlth+}

@: agile
A: talons 2, clumsy 1[+1], [deterioration 2], dopey 1, magic resistance 1,
powered by pain 2, regeneration 1, [screaming 2], wild magic 1, no potion heal
1, rot immunity, sturdy frame 1
a: Receive Corpses, Renounce Religion


You were on level 1 of the Abyss.
You worshipped Kikubaaqudgha.
Kikubaaqudgha was greatly pleased with you.
You were very full.

You visited 1 branch of the dungeon, and saw 10 of its levels.
You visited the Abyss 2 times.

You collected 687 gold pieces.

Inventory:

Hand Weapons
 c - a +3 morningstar of protection (weapon)
 o - the +6 shortbow of a bailey {venom, rPois rN++ MR+ Str-5}
   (You found it on level 1 of the Abyss)

   It poisons the ammo it fires.
   It affects your strength (-5).
   It protects you from poison.
   It greatly protects you from negative energy.
   It affects your resistance to hostile enchantments.
Armour
 b - a +0 large shield
 f - a +0 helmet (worn)
 h - a +2 shield (worn)
 j - a +2 plate armour (worn)
 n - a +0 cloak (worn)
Jewellery
 e - a ring of protection from cold (left hand)
 l - an uncursed ring of protection from cold
 y - the ring of Balaotsij (right hand) {Wiz Str+2 Stlth+}
   (You found it on level 1 of the Abyss)

   [ring of wizardry]

   It improves your spell success rate.
   It affects your strength (+2).
   It makes you more stealthy.
Wands
 g - a wand of iceblast (11/15)
 q - a wand of enslavement (10/24)
 u - a wand of acid (0/15)
Scrolls
 a - 3 scrolls of remove curse
 i - a scroll of amnesia
 m - 2 scrolls of fog
 t - a scroll of magic mapping
Potions
 d - 2 potions of brilliance
 p - a potion of curing
 r - a potion of flight
 s - a potion of agility
Comestibles
 v - 2 meat rations
 w - 5 royal jellies
 x - a bread ration


   Skills:
 + Level 7.8 Fighting
 * Level 10.6 Maces & Flails
 + Level 7.0 Armour
 + Level 7.1 Shields


You had 9 spell levels left.
You didn't know any spells.

Dungeon Overview and Level Annotations

Branches:
Dungeon (10/15)            Temple (0/1) D:5             Orc (0/2) D:9
   Lair: D:8-11

Altars:
Kikubaaqudgha
Makhleb

Shops:
D:4 :   D:9 !   D:10 :

Annotations:
D:10 Sonja


Innate Abilities, Weirdness & Mutations

You have razor-sharp toenails.
You sometimes gain power by taking damage.
You are immune to rotting.
Your movements are slightly less encumbered by armour. (ER -2)
You are dopey. (Int -2)
You are resistant to hostile enchantments. (MR+)
Your natural rate of healing is unusually fast.
Your spells are a little harder to cast, but a little more powerful.
Potions are less effective at restoring your health.
[You are very clumsy. (Dex -4)]
[Your body often deteriorates upon taking damage.]
[You sometimes yell uncontrollably at your foes.]


Message History

You claw the starcursed mass, but do no damage.
The starcursed mass is moderately damaged.
The starcursed mass shudders and withdraws towards its neighbour.
The wretched star pulses with an eldritch light!
You feel clumsy.
The wretched star pulses with an eldritch light!
You feel the urge to shout.
You feel a strong urge to yell.
You feel yourself wasting away.
You feel your body start to fall apart. A chorus of shrieks assaults your mind.
Your body deteriorates!
You feel dopey. A chorus of shrieks assaults your mind.
* * * LOW HITPOINT WARNING * * *
The starcursed mass shrieks in your mind.
* * * LOW HITPOINT WARNING * * *
The starcursed mass shrieks in your mind.
* * * LOW HITPOINT WARNING * * *
The wretched star glows turbulently.
The orb of energy hits you!
You die...
Kikubaaqudgha rasps: "You have failed me!
Welcome... death!"

#. #...# . ####.
#.#...# .
##..##.#.#...###
..###.#.#X.#.#......
..... #.#.#.X##...#
# ....#X*##..*.+###
# # #. #..####....#
.##..##..#.# #....#
#X........#.##..@.#
.#......#*. #######
.X.##.. .. .# ..#..
##....## # ..##
...## . .#. . .# # #
#.. #.#.. .. .# ##
#. ... ## # .


You could see 2 starcursed masses and a wretched star.

Vanquished Creatures
  A two-headed ogre (D:8)
  Maurice (D:10)
  Joseph (D:10)
  A hippogriff (D:8)
  A wyvern (D:8)
  4 hogs (D:7)
  A human (D:7)
  Grum (D:10)
  A small abomination (Abyss:1)
  Edmund (D:4)
  2 orc warriors (D:8)
  An ice beast (D:6)
  3 phantoms
  3 sky beasts
  2 black bears
  9 ogres
  3 wolves (D:10)
  A centaur (D:6)
  3 big kobolds (D:7)
  6 bullfrogs
  5 scorpions
  5 killer bees (D:9)
  5 wights
  A vampire bat (D:2)
  4 crimson imps
  A jelly (D:9)
  2 quasits
  3 bullfrog skeletons
  4 hounds
  An orc priest (D:6)
  8 iguanas
  7 worker ants
  2 orc wizards
  10 adders
  3 shadow imps
  3 oozes
  3 adder skeletons
  An adder zombie (D:6)
  2 worms
  A dart slug (D:1)
  2 leopard geckos
  29 orcs
  4 bats
  3 bat skeletons (D:2)
  2 bat zombies (D:2)
  4 giant cockroaches
  12 goblins
  7 hobgoblins
  12 jackals
  13 kobolds
  3 quokkas
  8 frilled lizards
  2 quokka skeletons
  A quokka zombie (D:9)
  6 rats
225 creatures vanquished.

Vanquished Creatures (others)
  A bush (D:1)
1 creature vanquished.

Grand Total: 226 creatures vanquished

Notes
Turn   | Place    | Note
-------+----------+-------------------------------------------
     0 | D:1      | wolfsongas the Demonspawn Fighter began the quest for the Orb.
     0 | D:1      | Reached XP level 1. HP: 18/18 MP: 1/1
    98 | D:1      | Reached skill level 2 in Maces & Flails
   153 | D:1      | Gained mutation: You are immune to rotting. [demonic ancestry]
   153 | D:1      | Reached XP level 2. HP: 20/24 MP: 2/2
   426 | D:1      | Reached skill level 3 in Maces & Flails
  1240 | D:2      | Gained mutation: You have sharp toenails. [demonic ancestry]
  1240 | D:2      | Reached XP level 3. HP: 23/29 MP: 3/3
  1659 | D:2      | Found an ancient bone altar of Kikubaaqudgha.
  1665 | D:2      | Reached skill level 4 in Maces & Flails
  1665 | D:2      | Reached XP level 4. HP: 32/35 MP: 4/4
  1672 | D:2      | Became a worshipper of Kikubaaqudgha
  2466 | D:3      | Gained mutation: You have razor-sharp toenails. [demonic ancestry]
  2466 | D:3      | Reached XP level 5. HP: 38/41 MP: 5/5
  2802 | D:3      | Reached skill level 5 in Maces & Flails
  2823 | D:3      | Reached * piety under Kikubaaqudgha
  2823 | D:3      | Identified Kikubaaqudgha's Reference Book on Darkness (Kikubaaqudgha gifted it to you on level 3 of the Dungeon)
  2823 | D:3      | Received a gift from Kikubaaqudgha
  3309 | D:4      | Noticed an ogre
  3318 | D:4      | Killed an ogre
  3318 | D:4      | Reached skill level 6 in Maces & Flails
  3318 | D:4      | Reached XP level 6. HP: 46/47 MP: 6/6
  3347 | D:4      | Found Saucs's Book Shoppe.
  4053 | D:4      | Reached skill level 7 in Maces & Flails
  4053 | D:4      | Reached XP level 7. HP: 52/52 MP: 7/7
  4293 | D:4      | Noticed Edmund
  4306 | D:4      | Killed Edmund
  4606 | D:5      | Entered Level 5 of the Dungeon
  4691 | D:5      | Reached skill level 8 in Maces & Flails
  4705 | D:5      | Found a staircase to the Ecumenical Temple.
  5107 | D:5      | Reached ** piety under Kikubaaqudgha
  5169 | D:5      | Gained mutation: You sometimes gain a little power by taking damage. [demonic ancestry]
  5169 | D:5      | Reached XP level 8. HP: 59/59 MP: 8/8
  6379 | D:7      | Reached *** piety under Kikubaaqudgha
  6379 | D:7      | Identified Kikubaaqudgha's Papyrus of Darkness (Kikubaaqudgha gifted it to you on level 7 of the Dungeon)
  6379 | D:7      | Received a gift from Kikubaaqudgha
  6382 | D:7      | Reached skill level 5 in Fighting
  6410 | D:7      | Gained mutation: You sometimes gain power by taking damage. [demonic ancestry]
  6410 | D:7      | Reached XP level 9. HP: 56/68 MP: 9/9
  6481 | D:7      | Reached skill level 9 in Maces & Flails
  6626 | D:6      | Gained mutation: Your movements are slightly less encumbered by armour. (ER -2) [mutagenic meat]
  6627 | D:6      | Gained mutation: You have a pair of small horns on your head. [mutagenic meat]
  6628 | D:6      | Gained mutation: Scrolls take you a little longer to read. [mutagenic meat]
  6629 | D:6      | Gained mutation: [You occasionally shout uncontrollably at your foes.] [mutagenic meat]
  6630 | D:6      | Gained mutation: You are resistant to electric shocks. (rElec) [mutagenic meat]
  6805 | D:7      | Reached skill level 5 in Armour
  6805 | D:7      | Reached skill level 5 in Shields
  6895 | D:7      | Lost mutation: Scrolls take you a little longer to read. [potion of mutation]
  6895 | D:7      | Lost mutation: Your movements are slightly less encumbered by armour. (ER -2) [potion of mutation]
  6895 | D:7      | Lost mutation: You have a pair of small horns on your head. [potion of mutation]
  6895 | D:7      | Lost mutation: You are resistant to electric shocks. (rElec) [potion of mutation]
  6895 | D:7      | Lost mutation: [You occasionally shout uncontrollably at your foes.] [potion of mutation]
  6895 | D:7      | Gained mutation: Your natural rate of healing is unusually fast. [potion of mutation]
  6895 | D:7      | Gained mutation: Potions are less effective at restoring your health. [potion of mutation]
  6895 | D:7      | Gained mutation: You are resistant to hostile enchantments. (MR+) [potion of mutation]
  7305 | D:8      | Noticed a rust devil
  7306 | D:8      | Noticed an orange demon
  7307 | D:8      | Found a burning altar of Makhleb.
  7347 | D:8      | Reached **** piety under Kikubaaqudgha
  7665 | D:8      | Noticed a two-headed ogre
  7674 | D:8      | Killed a two-headed ogre
  7674 | D:8      | Gained mutation: Your movements are slightly less encumbered by armour. (ER -2) [demonic ancestry]
  7674 | D:8      | Reached XP level 10. HP: 43/77 MP: 10/10
  7809 | D:8      | Gained mutation: Your spells are a little harder to cast, but a little more powerful. [mutagenic meat]
  7810 | D:8      | Gained mutation: [You are clumsy. (Dex -2)] [mutagenic meat]
  8066 | D:8      | Got a slimy ring mail
  8077 | D:8      | Identified the +0 ring mail of the Sacrificial Victim {Str+4} (You found it on level 8 of the Dungeon)
  8387 | D:9      | Reached skill level 10 in Maces & Flails
  8443 | D:9      | Found Otaam's Distillery.
  8494 | D:9      | Found a staircase to the Orcish Mines.
  8771 | D:10     | Entered Level 10 of the Dungeon
  8786 | D:10     | Noticed Sonja
  8854 | D:10     | Noticed Joseph
  8864 | D:10     | Noticed Maurice
  8873 | D:10     | Killed Joseph
  8944 | D:10     | Killed Maurice
  9073 | D:10     | Noticed Grum
  9099 | D:10     | Killed Grum
  9113 | D:10     | Found Wanoj's Book Boutique.
  9115 | D:10     | Cast into level 2 of the Abyss (Sonja)
  9163 | D:10     | Escaped the Abyss
  9211 | D:10     | Cast into level 1 of the Abyss (Sonja)
  9275 | Abyss:1  | Got a dazzling shortbow
  9281 | Abyss:1  | Identified the +6 shortbow of a bailey {venom, rPois rN++ MR+ Str-5} (You found it on level 1 of the Abyss)
  9342 | Abyss:1  | Gained mutation: You are dopey. (Int -2) [a neqoxec]
  9343 | Abyss:1  | Noticed a large abomination
  9424 | Abyss:1  | Noticed a worldbinder
  9432 | Abyss:1  | Got a shimmering granite ring
  9433 | Abyss:1  | Noticed a deep elf archer
  9433 | Abyss:1  | Noticed a deep elf mage
  9433 | Abyss:1  | Noticed a deep elf mage
  9434 | Abyss:1  | Identified the ring of Balaotsij {Wiz Str+2 Stlth+} (You found it on level 1 of the Abyss)
  9444 | Abyss:1  | Noticed a deep elf knight
  9447 | Abyss:1  | Noticed a deep elf archer
  9447 | Abyss:1  | Noticed a deep elf knight
  9493 | Abyss:1  | Found a corrupted altar of Lugonu.
  9533 | Abyss:1  | Noticed an orange demon
  9534 | Abyss:1  | Noticed a blizzard demon
  9589 | Abyss:1  | Noticed a starcursed mass
  9598 | Abyss:1  | Noticed a wretched star
  9616 | Abyss:1  | Killed from afar by a wretched star

Vault maps used:
D:1:      dpeg_arrival_three_bigger_balls, serial_forest,
          infiniplex_forest_end_3, infiniplex_forest_end_3,
          infiniplex_forest_lined_3_way, infiniplex_forest_clump_tiny,
          infiniplex_forest_split, infiniplex_forest_lined_2,
          infiniplex_forest_clump_large, infiniplex_forest_clump_curved,
          infiniplex_forest_lined_2, st_stairs_9, fountainhead
D:2:      kennysheep_vampire_church
D:3:      minmay_vboxes
D:4:      serial_shops, shop, uniq_edmund
D:5:      minmay_temple_entry_hall, first_bread
D:6:      minivault_24
D:7:      grunt_livestock
D:8:      lemuel_hellish_altar
D:9:      orc_0_dummy, serial_shops, nicolae_shop_waterfront
D:10:     serial_shops, nicolae_shop_trees, shop_fountains, uniq_joseph,
          uniq_sonja, uniq_maurice, uniq_grum

Skill      XL: |  1  2  3  4  5  6  7  8  9 10 |
---------------+-------------------------------+-----
Maces & Flails | 2 3 4 6 7 8 9 10 | 10.6
Shields        | 3 4 6 7 |  7.1
Armour         | 3 4 6 7 |  7.0
Fighting       | 5 6 7 |  7.8

Action                   |  1- 3 |  4- 6 |  7- 9 | 10-12 || total
-------------------------+-------+-------+-------+-------++-------
Melee: Flail             |   109 |   208 |   117 |       ||   434
       Kick              |     5 |    47 |   133 |    60 ||   245
       Morningstar       |       |       |   343 |   223 ||   566
       Headbutt          |       |       |     8 |       ||     8
Evoke: Wand              |       |       |       |     4 ||     4
  Use: Potion            |     4 |     6 |     4 |     1 ||    15
       Scroll            |     3 |     7 |     7 |     7 ||    24
  Eat: Royal jelly       |     1 |       |     3 |       ||     4
       Bread ration      |     1 |       |     1 |     2 ||     4
       Meat ration       |       |     1 |       |     2 ||     3
       Chunk             |       |       |     6 |     3 ||     9
       Fruit             |       |       |       |     9 ||     9
Armor: Scale mail        |    62 |    60 |       |       ||   122
       Plate armour      |       |    17 |   263 |   212 ||   492
Dodge: Dodged            |    33 |    59 |    59 |    64 ||   215
Block: Shield            |    54 |   130 |   268 |   208 ||   660
